 Dungeon Crawl Stone Soup version 0.22-a0-292-g0df9d5f (webtiles) character file.

98 vishdafish the Shield-Bearer (level 4, -1/29 HPs)
             Began as a Gargoyle Fighter on Mar 23, 2018.
             Killed by divine providence
             ... invoked by an orc priest
              (12 damage)
             ... on level 3 of the Dungeon.
             The game lasted 00:02:58 (1593 turns).

vishdafish the Shield-Bearer (Gargoyle Fighter)     Turns: 1593, Time: 00:02:58

Health: -1/29      AC: 10    Str: 19    XL:     4   Next: 71%
Magic:  4/4        EV:  7    Int: 10    God:
Gold:   201        SH:  9    Dex:  9    Spells: 3/3 levels left

rFire    . . .     SeeInvis .   a - +0 trident
rCold    . . .     Gourm    .   c - +0 shield
rNeg     + . .     Faith    .   b - +0 scale mail
rPois    ∞         Spirit   .   o - +1 helmet
rElec    +         Reflect  .   l - +0 cloak
rCorr    .         Harm     .   (no gloves)
MR       .....                  (no boots)
Stlth    ..........             j - amulet of magic regeneration
HPRegen  0.09/turn              s - -3 ring of protection (curse)
MPRegen  0.34/turn              (no ring)

@: no status effects
A: negative energy resistance 1, electricity resistance, unbreathing,
petrification resistance, rot immunity, AC +3
a: no special abilities


You were on level 3 of the Dungeon.
You were hungry.

You visited 1 branch of the dungeon, and saw 3 of its levels.

You collected 201 gold pieces.

Inventory:

Hand Weapons
 a - a +0 trident (weapon)
Armour
 b - a +0 scale mail (worn)
 c - a +0 shield (worn)
 l - a +0 cloak (worn)
 o - a +1 helmet (worn)
Jewellery
 j - an amulet of magic regeneration (around neck)
 s - a cursed -3 ring of protection (left hand)
Wands
 p - a wand of disintegration (12)
Scrolls
 g - 2 scrolls of enchant armour
 h - 3 scrolls of identify
 i - a scroll of random uselessness
Potions
 d - a potion of might
 e - a potion of lignification
 k - a potion of cancellation
 m - a potion of berserk rage
 n - a potion of curing
 q - a potion of resistance
 r - a potion of haste
Comestibles
 f - 5 rations


   Skills:
 + Level 3.7 Fighting
 + Level 3.2 Polearms
 + Level 3.7 Armour
 + Level 0.1 Dodging
 + Level 3.9 Shields


You had 3 spell levels left.
You didn't know any spells.

Dungeon Overview and Level Annotations

Branches:
Dungeon (3/15)

Altars:
Nemelex Xobeh
Uskayaw
Vehumet
Wu Jian
Xom
Zin


Innate Abilities, Weirdness & Mutations

You are resistant to torment.
Your stone body is resilient. (AC +3)
You are immune to poison.
You resist negative energy. (rN+)
You are resistant to electric shocks. (rElec)
You can survive without breathing.
You are immune to petrification.
You are immune to rotting.


Message History

You kill the orc!
The orc throws a tomahawk of returning.
The tomahawk of returning hits you but does no damage.
You hit the orc.
The orc is moderately wounded.
The orc hits you but does no damage.
You puncture the orc!
You kill the orc!
The orc hits you but does no damage. You block the orc's attack.
You hit the orc priest.
The orc priest is lightly wounded.
The orc hits you but does no damage. The orc priest hits you with a flail!
You are too injured to fight recklessly!
You are too injured to fight recklessly!
You are too injured to fight recklessly!
You are too injured to fight recklessly!
Unknown command.
The orc priest mumbles some strange prayers to Beogh against you.
Beogh smites you!
You die...

#......... #.........
#......... #...≈...≈.
#o.)...... ###
#######oo####### #..
................ #.#
#######o######## #.#
####.@.### #.#
#..†..>..# #######.#
#.#....#.#
........####.#..#.#...
#######).....#<##.#
#.#
......#|#########.# .#
#####.#.# #.. .
#.....# ## #.#.###


You could see an orc priest and 3 orcs.

Vanquished Creatures
  2 adders (D:2)
  An ooze (D:1)
  A worm (D:3)
  4 dart slugs
  3 leopard geckos
  2 orcs (D:3)
  3 ball pythons
  3 giant cockroaches (D:2)
  11 goblins
  2 hobgoblins (D:1)
  5 kobolds
  4 bats
  4 frilled lizards
  22 rats
67 creatures vanquished.

Notes
Turn   | Place    | Note
-------+----------+-------------------------------------------
     0 | D:1      | vishdafish the Gargoyle Fighter began the quest for the Orb.
     0 | D:1      | Reached XP level 1. HP: 14/14 MP: 1/1
    88 | D:1      | Reached XP level 2. HP: 17/19 MP: 2/2
   330 | D:1      | Reached XP level 3. HP: 13/23 MP: 3/3
   772 | D:2      | Found a sparkling altar of Nemelex Xobeh.
   777 | D:2      | Reached XP level 4. HP: 29/29 MP: 4/4
  1071 | D:2      | Found a radiant altar of Vehumet.
  1073 | D:2      | Found an ornate altar of the Wu Jian Council.
  1134 | D:2      | Found a hide-covered altar of Uskayaw.
  1386 | D:3      | Found a glowing silver altar of Zin.
  1386 | D:3      | Noticed an angel
  1389 | D:3      | Found a shimmering altar of Xom.
  1593 | D:3      | Killed from afar by an orc priest

Vault maps used:
D:1:      erik_arrival_orb_chamber, minmay_misc_feat_cross, minmay_crystal_room,
          minmay_cupped
D:2:      lemuel_doored_altar, old_standard_altar,
          nicolae_overflow_hidden_temple
D:3:      cheibrodos_pilgrimage, grunt_temple_overflow_order_and_chaos_1,
          kennysheep_nub

Skill      XL: |  1  2  3  4 |
---------------+-------------+-----
Polearms       | 2 3 |  3.2
Fighting       | |  3.7
Armour         | |  3.7
Dodging        | |  0.1
Shields        | |  3.9

Action                   |  1- 3 |  4- 6 || total
-------------------------+-------+-------++-------
Melee: Trident           |   112 |    98 ||   210
  Use: Scroll            |       |     8 ||     8
  Eat: Chunk             |       |     2 ||     2
Armor: Scale mail        |    46 |    38 ||    84
Dodge: Dodged            |    30 |    17 ||    47
Block: Shield            |    39 |    37 ||    76

Table legend:
 A = Spawn XP
 B = Non-spawn XP
 C = Spawn XP percentage of total XP
 D = Spawn monster count
 E = Non-spawn monster count
 F = Spawn count percentage of total count
 G = Total turns spent on level
                    A         B        C        D         E        F      G
               +---------+---------+-------+---------+---------+-------+---------
         Total |       0 |     141 |   0.0 |       0 |      67 |   0.0 |  1593
               +---------+---------+-------+---------+---------+-------+---------
           D:1 |       0 |      63 |   0.0 |       0 |      36 |   0.0 |   697
           D:2 |       0 |      61 |   0.0 |       0 |      23 |   0.0 |   689
           D:3 |       0 |      17 |   0.0 |       0 |       8 |   0.0 |   207
               +---------+---------+-------+---------+---------+-------+---------
